 Dungeon Crawl Stone Soup version 0.30-a0-743-gbfdf073431 (webtiles) character file.

Game seed: 15060775311870350513

905 kingofthe the Sneak (level 8, -5/46 HPs)
             Began as an Octopode Conjurer on Feb 5, 2023.
             Slain by a lemure (6 damage)
             ... led by Pikel
             ... on level 5 of the Dungeon.
             The game lasted 00:15:15 (5792 turns).

kingofthe the Sneak (Octopode Conjurer)             Turns: 5792, Time: 00:15:15

Health: -5/46      AC:  1    Str:  6    XL:     8   Next: 8%
Magic:  3/14       EV: 14    Int: 21    God:
Gold:   240        SH:  0    Dex: 12    Spells: 8/15 levels left

rFire   . . .      SeeInvis .    n - +3 whip
rCold   . . .      Faith    .    (no shield)
rNeg    . . .      Spirit   .    (helmet restricted)
rPois   .          Reflect  .    (no amulet)
rElec   .          Harm     .    o - +4 ring of slaying
rCorr   .          Rampage  .    (no ring)
Will    .....                    (no ring)
Stlth   ++++                     (no ring)
HPRegen 0.27/turn                (no ring)
MPRegen 0.14/turn                (no ring)
                                 (no ring)
                                 (no ring)

@: no status effects
A: almost no armour, amphibious, 8 rings, camouflage 1, gelatinous body 1,
(nimble swimmer 1), tentacles
a: no special abilities


You were on level 5 of the Dungeon.
You visited 1 branch of the dungeon, and saw 6 of its levels.

You collected 240 gold pieces.

Inventory:

Hand Weapons
 f - a +0 short sword
 n - a +3 whip (weapon)
Missiles
 c - a throwing net
Jewellery
 o - a +4 ring of slaying (left tentacle)
Wands
 q - a wand of polymorph (6)
Scrolls
 b - 2 scrolls of identify {unknown}
 d - a scroll of silence {unknown}
 e - a scroll of magic mapping {unknown}
 g - 2 scrolls of fear {unknown}
 h - 2 scrolls of noise {unknown}
 k - a scroll of immolation {unknown}
 l - a scroll of amnesia {unknown}
 m - a scroll of fog {unknown}
 s - a scroll of enchant armour {unknown}
 t - a scroll of poison {unknown}
 w - a scroll of brand weapon {unknown}
 y - a scroll of torment {unknown}
 z - 2 scrolls of teleportation {unknown}
Potions
 a - a potion of berserk rage {unknown}
 i - a potion of curing
 j - a potion of flight
 p - 2 potions of brilliance
 r - a potion of haste {unknown}
 u - a potion of attraction {unknown}
 v - a potion of lignification {unknown}
 x - a potion of resistance {unknown}


   Skills:
 + Level 4.6 Dodging
 + Level 6.6 Stealth
 + Level 4.2 Spellcasting
 + Level 5.8 Conjurations
 + Level 2.4 Translocations


You had 8 spell levels left.
You knew the following spells:

 Your Spells              Type           Power      Damage    Failure   Level
a - Magic Dart            Conj           100%       1d8       1%          1
b - Searing Ray           Conj           56%        2d6       1%          2
c - Iskenderun's Mystic   Conj/Tloc      21%        2d6       22%         4

Your spell library contained the following spells:

 Spells                   Type           Power      Damage    Failure   Level
 Dazzling Flash           Conj/Hex       32%        N/A       11%         3
 Stone Arrow              Conj/Erth      32%        3d9       11%         3
 Fulminant Prism          Conj/Hex       8%         3d7       34%         4
 Lehudib's Crystal Spear  Conj/Erth      8%         10d3      100%        8
 Animate Armour           Summ/Erth      Unusable   N/A       N/A         4

Dungeon Overview and Level Annotations

Branches:
Dungeon (6/15)
 Temple: D:4-7

Altars:
Cheibriados
Nemelex Xobeh
The Shining One

Shops:
D:4 *

Annotations:
D:6 Pikel


Innate Abilities, Weirdness & Mutations

You cannot wear most types of armour.
You are amphibious.
You can wear up to eight rings at the same time.
Your skin changes colour to match your surroundings (Stealth+).
Your rubbery body absorbs attacks. (AC +1, EV +1)
((You are camouflaged when in or above water. (Stealth+)))
You have tentacles for arms and can constrict up to eight enemies at once.


Message History

That felt strangely unrewarding.
You finish channelling your searing ray.
The lemure hits you! The lemure hits you!
* * * LOW HITPOINT WARNING * * *
You climb upwards.
There is a stone staircase leading down here.
The lemure barely misses you. The lemure attacks as you move away!
The lemure misses you. The lemure attacks as you move away!
The lemure misses you. The lemure attacks as you move away!
The lemure barely misses you.
Casting: Searing Ray (safe; 1% risk of failure)
Confirm with . or Enter, or press ? or * to list all spells.
Aiming: Searing Ray (safe; 1% risk of failure)
Press: ? - help, Shift-Dir - straight line, f - lemure
Aim: a lemure (74% to hit)
The searing ray hits the lemure!
The lemure is moderately wounded. (Press . to maintain the ray.)
The lemure barely misses you.
The searing ray hits the lemure.
The lemure is heavily wounded.
The lemure hits you.
* * * LOW HITPOINT WARNING * * *
The searing ray misses the lemure.
The lemure hits you.
* * * LOW HITPOINT WARNING * * *
The searing ray hits the lemure.
The lemure is severely wounded.
You finish channelling your searing ray.
The lemure closely misses you.
Casting: Searing Ray (safe; 1% risk of failure)
Confirm with . or Enter, or press ? or * to list all spells.
Aiming: Searing Ray (safe; 1% risk of failure)
Press: ? - help, Shift-Dir - straight line, f/p - lemure
Aim: a lemure (severely wounded, 74% to hit)
The searing ray hits the lemure.
The lemure is almost dead. (Press . to maintain the ray.)
The lemure hits you.
You die...

##.........###..#....####.#
...........# ##.>..### #.#
##..[......# ##.#.#
#.####### #.........# #.#.#
#........ ###########
#.#.##############
#.#..............#
#.##############)# #5# #)#
#@# #)# #.# #.# #.# #)#
#.########### #.#
#...........# #.#
###########.# #.# #.# #..
#<# ### ###


You could see a lemure.

Vanquished Creatures
  4 ogres
  A lemure (D:6)
  2 scorpions (D:5)
  3 hounds
  An orc priest (D:4)
  2 iguanas (D:4)
  4 orc wizards
  4 gnolls (D:5)
  3 adders
  2 shadow imps
  A white imp (D:3)
  2 worms (D:4)
  4 dart slugs
  10 orcs
  7 ball pythons
  4 bats
  3 endoplasms
  3 giant cockroaches
  10 hobgoblins
  6 jackals
  4 kobolds
  5 quokkas
  3 frilled lizards (D:1)
  7 goblins
  5 rats
100 creatures vanquished.

Vanquished Creatures (others)
  47 plants
47 creatures vanquished.

Grand Total: 147 creatures vanquished

Notes
Turn   | Place    | Note
-------+----------+-------------------------------------------
     0 | D:1      | kingofthe the Octopode Conjurer began the quest for the
                  | Orb.
     0 | D:1      | Reached XP level 1. HP: 11/11 MP: 3/3
   181 | D:1      | Reached skill level 3 in Stealth
   181 | D:1      | Reached XP level 2. HP: 17/17 MP: 1/5
   333 | D:1      | Learned a level 2 spell: Searing Ray
   828 | D:2      | Reached XP level 3. HP: 18/21 MP: 0/6
  1977 | D:3      | Reached XP level 4. HP: 27/27 MP: 4/7
  2039 | D:3      | Found a sparkling altar of Nemelex Xobeh.
  2133 | D:3      | Reached skill level 4 in Stealth
  2841 | D:4      | Noticed an ogre
  2841 | D:4      | Found Amuisiesh's Overcharged Wands.
  3112 | D:4      | Reached XP level 5. HP: 8/31 MP: 2/9
  3199 | D:4      | Killed an ogre
  3343 | D:4      | Reached skill level 5 in Stealth
  3343 | D:4      | Reached XP level 6. HP: 36/36 MP: 2/10
  3373 | D:4      | Reached skill level 5 in Conjurations
  3751 | D:4      | Learned a level 4 spell: Iskenderun's Mystic Blast
  4082 | D:5      | Entered Level 5 of the Dungeon
  4336 | D:5      | Reached skill level 1 in Translocations
  4336 | D:5      | Reached XP level 7. HP: 41/41 MP: 1/12
  4478 | D:5      | Found a snail-covered altar of Cheibriados.
  4644 | D:5      | Reached skill level 6 in Stealth
  4745 | D:5      | Found a glowing golden altar of the Shining One.
  5290 | D:5      | Reached XP level 8. HP: 46/46 MP: 3/14
  5502 | D:6      | Noticed Pikel
  5790 | D:5      | HP: 1/46 [lemure[Pikel] (5)]
  5792 | D:5      | Slain by a lemure

Illustrated notes

Levels and vault maps discovered:
D:1:      minmay_arrival_semitransparent, layout_rooms
D:2:      layout_loops_ring
D:3:      wad_crossroads, layout_basic, nemelex_altar_shiori
D:4:      layout_rooms, serial_bayou, serial_bayou_lagoon_a,
          serial_bayou_pond_b, serial_bayou_shore_a, serial_bayou_ford_a,
          nicolae_shop_overcharged_wands
D:5:      layout_basic, tso_altar, mainiacjoe_overflow_concentric_impassable,
          lightli_corner_chamber
D:6:      layout_basic, nzn_hepliaklqana_mist_gate, minitemple,
          minmay_temple_entry_gardened_gates, uniq_edmund, uniq_pikel

Skill      XL: |  1  2  3  4  5  6  7 |
---------------+----------------------+-----
Stealth        | 3 4 5 6 |  6.6
Dodging        | 3 4 |  4.6
Spellcasting   | 3 4 |  4.2
Conjurations   | 5 |  5.8
Translocations | 1 2 |  2.4

Action                     |  1- 3 |  4- 6 |  7- 9 || total
---------------------------+-------+-------+-------++-------
  Melee: Whip              |       |     7 |     1 ||     8
         Constrict         |       |     3 |     1 ||     4
         Tentacles         |       |     1 |     1 ||     2
   Cast: Magic Dart        |    83 |    78 |    29 ||   190
         Searing Ray       |     1 |    16 |    16 ||    33
    Use: Potion            |       |     4 |       ||     4
 Armour: Skin              |     2 |     3 |       ||     5
  Dodge: Dodged            |     5 |    16 |    12 ||    33

Table legend: (Time is in decaauts)
 A = Elapsed time spent in this place.
 B = Non-inter-level travel time spent in this place.
 C = Inter-level travel time spent in this place.
 D = Time resting spent in this place.
 E = Time spent auto-exploring this place.
 F = Levels seen in this place.
 G = Mean time per level.
                   A        B        C        D        E       F      G
               +--------+--------+--------+--------+--------+-----+--------+
         Total |   5792 |   5464 |    328 |    602 |   4184 |   6 |  965.3 |
       Dungeon |   5792 |   5464 |    328 |    602 |   4184 |   6 |  965.3 |
               +--------+--------+--------+--------+--------+-----+--------+

Top non-repeatable levels by time:
     D:5: 1436 daAuts
     D:3: 1328 daAuts
     D:4: 1195 daAuts
     D:2: 971 daAuts
     D:1: 626 daAuts
     D:6: 233 daAuts
